 Dungeon Crawl Stone Soup version 0.23.2-1-ga50397a (webtiles) character file.

Game seed: 562212325466443990

468 Lickle the Chopper (level 6, -11/56 HPs)
             Began as a Minotaur Fighter on Apr 23, 2019.
             Was an Initiate of Gozag.
             Mangled by an orc warrior
             ... wielding a +0 glaive
              (25 damage)
             ... on level 5 of the Dungeon.
             The game lasted 00:10:58 (3026 turns).

Lickle the Chopper (Minotaur Fighter)               Turns: 3026, Time: 00:10:59

Health: -11/56     AC:  7    Str: 24 (26) XL:     6   Next: 81%
Magic:  14/14      EV:  8    Int:  8 (10) God:    Gozag
Gold:   208        SH: 10    Dex:  9 (11) Spells: 5/5 levels left

rFire    . . .     SeeInvis .   a - +0 war axe
rCold    . . .     Gourm    .   c - +0 shield
rNeg     . . .     Faith    .   b - +0 scale mail
rPois    .         Spirit   .   (helmet restricted)
rElec    .         Reflect  .   (no cloak)
rCorr    .         Harm     .   (no gloves)
MR       .....                  (no boots)
Stlth    ..........             m - amulet of regeneration
HPRegen  0.58/turn              e - ring of magical power
MPRegen  0.14/turn              (no ring)

@: mighty, brilliant, very slightly contaminated
A: retaliatory headbutt, horns 2
a: Potion Petition, Call Merchant, Bribe Branch, Renounce Religion


You were on level 5 of the Dungeon.
You worshipped Gozag.
Gozag was aware of your devotion.
You were not hungry.

You visited 2 branches of the dungeon, and saw 6 of its levels.

You collected 224 gold pieces.
You paid 16 gold pieces to Gozag.

Inventory:

Hand Weapons
 a - a +0 war axe (weapon)
Armour
 b - a +0 scale mail (worn)
 c - a +0 shield (worn)
Jewellery
 e - a ring of magical power (left hand)
 m - an amulet of regeneration (around neck)
Scrolls
 h - 2 scrolls of teleportation
 n - a scroll of fear
 p - a scroll of immolation
Potions
 g - a potion of lignification
 i - a potion of degeneration
 k - a potion of brilliance
Comestibles
 f - 9 rations


   Skills:
 + Level 5.3 Fighting
 * Level 5.8 Axes
 + Level 5.2 Armour
 + Level 5.3 Shields


You had 5 spell levels left.
You didn't know any spells.
Your spell library contained the following spells:

 Spells                   Type           Power        Failure   Level  Hunger
 Magic Dart               Conj           #...         32%         1    ##.....
 Blink                    Tloc           N/A          43%         2    ###....
 Call Imp                 Summ           #.......     43%         2    ###....
 Slow                     Hex            #.......     43%         2    ###....
 Conjure Flame            Conj/Fire      #.......     65%         3    ####...
 Mephitic Cloud           Conj/Pois/Air  #.......     65%         3    ####...


Dungeon Overview and Level Annotations

Branches:
Dungeon (5/15)             Temple (1/1) D:4

Altars:
Ashenzari
Cheibriados
Gozag
Hepliaklqana
Kikubaaqudgha
Makhleb
Okawaru
Trog
Uskayaw
Vehumet
Wu Jian
Xom
Zin


Innate Abilities, Weirdness & Mutations

You reflexively headbutt those who attack you in melee.
You have a pair of horns on your head.


Message History

The orc warrior is moderately wounded.
The orc warrior barely misses you.
You completely miss the orc warrior.
You headbutt the orc warrior, but do no damage.
The orc warrior is moderately wounded.
The orc warrior hits you with a +0 glaive!
You closely miss the orc warrior. You headbutt the orc warrior.
The orc warrior is heavily wounded.
The orc warrior completely misses you.
You barely miss the orc warrior.
The orc warrior is heavily wounded.
The orc warrior hits you with a +0 glaive!!
* * * LOW HITPOINT WARNING * * *
You are too injured to fight recklessly!
Things that are here:
7 gold pieces; a +0 scale mail; a +0 club
There is a stone staircase leading up here.
The orc warrior hits you from afar with a +0 glaive!!
You die...
Your body crumbles into a pile of gold.

##+##
##...##
##.....##
##.......##
#.@.......#
+..$......+
#.$.o.....#
##.......##
##.....##
##...##
##+##


You could see an orc warrior.

Vanquished Creatures
  A phantom (D:3)
  An ogre (D:4)
  A hound (D:4)
  2 orc priests
  5 gnolls
  6 adders
  A shadow imp (D:3)
  An ooze (D:1)
  2 worms (D:3)
  3 leopard geckos
  7 orcs
  A ball python (D:1)
  10 bats
  A giant cockroach (D:4)
  6 goblins
  8 hobgoblins
  5 jackals
  7 kobolds
  4 quokkas
  8 frilled lizards
  A leopard gecko skeleton (D:4)
  5 rats
86 creatures vanquished.

Notes
Turn   | Place    | Note
-------+----------+-------------------------------------------
     0 | D:1      | Lickle the Minotaur Fighter began the quest for the Orb.
     0 | D:1      | Reached XP level 1. HP: 19/19 MP: 0/0
   175 | D:1      | Reached XP level 2. HP: 25/27 MP: 1/1
   506 | D:1      | Reached XP level 3. HP: 33/33 MP: 2/2
  1074 | D:2      | Reached XP level 4. HP: 34/41 MP: 3/3
  1503 | D:3      | Noticed a phantom
  1530 | D:3      | Killed a phantom
  1530 | D:3      | Reached XP level 5. HP: 34/47 MP: 4/4
  1682 | D:3      | Found a hazy altar of Hepliaklqana.
  1704 | D:3      | Reached skill level 5 in Axes
  1796 | D:3      | Reached XP level 6. HP: 55/55 MP: 5/5
  1826 | D:3      | Reached skill level 5 in Fighting
  1858 | D:3      | Found an opulent altar of Gozag.
  1865 | D:3      | Became a worshipper of Gozag Ym Sagoz the Greedy
  2212 | D:4      | Reached skill level 5 in Shields
  2218 | D:4      | Found an ancient bone altar of Kikubaaqudgha.
  2223 | D:4      | Reached skill level 5 in Armour
  2270 | D:4      | Found a staircase to the Ecumenical Temple.
  2280 | Temple   | Entered the Ecumenical Temple
  2811 | D:5      | Entered Level 5 of the Dungeon
  2811 | D:5      | Noticed an orc warrior
  3026 | D:5      | Mangled by an orc warrior

Skill      XL: |  1  2  3  4  5  6 |
---------------+-------------------+-----
Fighting       | 4 5 |  5.3
Shields        | 4 5 |  5.3
Axes           | 3 4 5 |  5.8
Armour         | 4 5 |  5.2

Action                   |  1- 3 |  4- 6 || total
-------------------------+-------+-------++-------
Melee: War axe           |    79 |   143 ||   222
       Headbutt          |    11 |    21 ||    32
  Use: Scroll            |     2 |     5 ||     7
       Potion            |     1 |     7 ||     8
  Eat: Chunk             |       |     3 ||     3
       Ration            |       |     2 ||     2
Armor: Scale mail        |    39 |    46 ||    85
Dodge: Dodged            |    24 |    42 ||    66
Block: Shield            |    45 |    63 ||   108
